[Event "FIDE WSTC Open 50 2025"]
[Site "Prague"]
[Date "2025.02.18"]
[Round "2.2"]
[White "Obsivac, Josef"]
[Black "Shabalov, Alexander"]
[Result "1/2-1/2"]
[Annotator "ChessBase"]
[ECO "A40"]
[WhiteElo "2262"]
[BlackElo "2471"]
[PlyCount "88"]
[EventDate "2025.02.17"]
[EventType "team-tourn"]
[EventCountry "CZE"]
[SourceTitle "playchess.com"]
[Source "ChessBase"]
[SourceQuality "1"]
[TimeControl "40/5400+30:1800+30"]

1. d4 e6 2. c4 b6 3. Nf3 Bb7 4. Nc3 f5 5. g3 Nf6 6. Bg2 g6 7. O-O Bg7 8. d5 O-O 9. Bf4 Na6 10. Rc1 Nc5 11. b4 Nce4 12. Nb5 exd5 13. Bxc7 Qe7 14. c5 Bc6 15. Nfd4 bxc5 16. bxc5 Rfc8 17. Bd6 Qd8 18. Bf4 Qa5 19. Qd3 a6 20. Nd6 Rf8 21. Nb3 Qa4 22. Rc2 Ng4 23. f3 g5 24. fxg4 gxf4 25. Rxf4 fxg4 26. Rxg4 Kh8 27. Nxe4 dxe4 28. Bxe4 Rab8 29. Bf3 Rb4 30. Bxc6 dxc6 31. Rgc4 Qb5 32. Qe4 Rxc4 33. Rxc4 Qb7 34. Qe6 Rf6 35. Qe8+ Rf8 36. Qe6 Rf6 37. Qg4 Bh6 38. Rc3 Qe7 39. Rd3 Be3+ 40. Kg2 Qf8 41. Rd1 Rf2+ 42. Kh3 Rf6 43. Kg2 Rf2+ 44. Kh3 Rf6 1/2-1/2

[Event "FIDE WSTC Open 50 2025"]
[Site "Prague"]
[Date "2025.02.18"]
[Round "2.3"]
[White "Novikov, Igor"]
[Black "Holemar, David"]
[Result "0-1"]
[Annotator "ChessBase"]
[ECO "E10"]
[WhiteElo "2490"]
[BlackElo "2150"]
[PlyCount "94"]
[EventDate "2025.02.17"]
[EventType "team-tourn"]
[EventCountry "CZE"]
[SourceTitle "playchess.com"]
[Source "ChessBase"]
[SourceQuality "1"]
[TimeControl "40/5400+30:1800+30"]

1. d4 Nf6 2. c4 e6 3. Nf3 c5 4. d5 b5 5. dxe6 fxe6 6. cxb5 d5 7. g3 Bd6 8. Nc3 d4 9. Na4 O-O 10. Bg2 Bb7 11. b4 cxb4 12. Qxd4 e5 13. Qe3 Qa5 14. Nc5 Bd5 15. O-O Qxb5 16. Ne6 Rf7 17. Rd1 Nbd7 18. Nfg5 Re7 19. Bxd5 Nxd5 20. Qb3 N7f6 21. Be3 Kh8 22. Ne4 Nxe4 23. Rxd5 Qxe2 24. Ng5 Nxg5 25. Bxg5 Re6 26. Rad1 Bf8 27. Rd7 Qg4 28. Be3 a5 29. Qd5 Ree8 30. Bc5 Bxc5 31. Qxc5 h6 32. R1d6 Qe4 33. Qc1 Qh7 34. Rc7 Rad8 35. Qc6 Rf8 36. Rf7 Qb1+ 37. Kg2 Rxf7 38. Rxd8+ Kh7 39. Qa8 Qf5 40. Rd2 e4 41. Qd5 Qf3+ 42. Kg1 a4 43. Qc4 b3 44. axb3 axb3 45. Qc5 e3 46. Qxe3 Qxe3 47. fxe3 Ra7 0-1

[Event "FIDE WSTC Open 50 2025"]
[Site "Prague"]
[Date "2025.02.18"]
[Round "2.4"]
[White "Skacelik, Petr"]
[Black "Rachels, Stuart"]
[Result "0-1"]
[Annotator "ChessBase"]
[ECO "D20"]
[WhiteElo "2132"]
[BlackElo "2466"]
[PlyCount "94"]
[EventDate "2025.02.17"]
[EventType "team-tourn"]
[EventCountry "CZE"]
[SourceTitle "playchess.com"]
[Source "ChessBase"]
[SourceQuality "1"]
[TimeControl "40/5400+30:1800+30"]

1. d4 d5 2. c4 dxc4 3. e4 e5 4. Nf3 Bb4+ 5. Bd2 Bxd2+ 6. Qxd2 exd4 7. Qxd4 Nf6 8. Qxd8+ Kxd8 9. Nc3 Be6 10. Nd4 Ke7 11. Nxe6 fxe6 12. Bxc4 Nc6 13. f3 Rad8 14. Rd1 Rxd1+ 15. Kxd1 e5 16. Ke2 Nd4+ 17. Ke3 c6 18. a3 b5 19. Bd3 a5 20. g3 Rd8 21. Rd1 g5 22. a4 b4 23. Ne2 c5 24. Rc1 Kd6 25. h4 gxh4 26. g4 h5 27. g5 Nh7 28. g6 Nf8 29. Rg1 Nfe6 30. f4 exf4+ 31. Nxf4 Nxf4 32. Kxf4 Ne6+ 33. Ke3 Rg8 34. Rh1 Ke5 35. Rxh4 Rxg6 36. Rxh5+ Rg5 37. Rh3 Nf4 38. Rf3 Rg4 39. Bf1 Rh4 40. Rg3 Ne6 41. Bg2 c4 42. Bf3 Rh2 43. Be2 c3 44. bxc3 bxc3 45. Rg1 Rh3+ 46. Bf3 c2 47. Kf2 Nd4 0-1

[Event "FIDE WSTC Open 50 2025"]
[Site "Prague"]
[Date "2025.02.18"]
[Round "2.5"]
[White "Aagaard, Jacob"]
[Black "Adams, Michael"]
[Result "0-1"]
[Annotator "TA"]
[ECO "E38"]
[WhiteElo "2435"]
[BlackElo "2664"]
[PlyCount "82"]
[EventDate "2025.02.17"]
[EventType "team-tourn"]
[EventCountry "CZE"]
[SourceTitle "playchess.com"]
[Source "ChessBase"]
[SourceQuality "1"]
[TimeControl "40/5400+30:1800+30"]

1. d4 Nf6 2. c4 e6 3. Nc3 Bb4 4. Qc2 c5 5. dxc5 Bxc5 6. Nf3 Nc6 7. a3 d5 8. cxd5 {[%emt 0:05:17] E38: Nimzo-Indian: Classical: 4...c5.} Nxd5 9. Bg5 Qb6 10. Ne4 $146 {[%emt 0:08:03] White has an edge.} ({Predecessor:} 10. e3 Bd7 11. Be2 h6 12. Bh4 O-O 13. O-O Nxc3 14. Qxc3 Be7 15. Rfd1 Bxh4 16. Nxh4 {1-0 Eiholt,B (1360)-Kristensen,S (1390) Valby K41 op 0910 2009 (7)}) 10... Be7 11. Bxe7 Ncxe7 12. e3 O-O 13. Bd3 Rd8 14. O-O Bd7 15. Ne5 Be8 16. Rac1 h6 {[%emt 0:07:04] The position is symmetric and equal} 17. Nc4 Qc7 18. Qd2 Nc6 19. b4 Ne5 20. Nxe5 Qxe5 21. f4 Qh5 {[%emt 0:09:21] [#]} 22. f5 $1 exf5 23. Ng3 Qg5 24. Nxf5 Ne7 25. Rc5 Nxf5 (25... b6 {with more complications.} 26. h4 Qf6 27. Nd4 Qd6) 26. Rcxf5 Qe7 27. Qe2 f6 28. e4 Bg6 29. Rc5 b6 30. Rc6 Kh7 31. Rfc1 Qe5 32. Bb1 Rd7 33. h3 Rad8 {[%emt 0:00:17] Black has strong rooks and is better} 34. Qg4 Re7 35. R6c4 Rd2 36. h4 Red7 {[%emt 0:00:34] Black has more active pieces.} 37. Rc8 (37. Qf3 $17) 37... h5 $19 38. Qf3 Qd4+ ({Black should try} 38... R7d4 $19 {[%cal Rd4e4] ...Rxe4 would now be deadly.} 39. Re1 Rb2) 39. Kh2 $17 {[%emt 0:00:19] [#] Counterplay Black} Rb2 (39... Qb2 $1 $17 40. Kh3 Rf2) 40. Rf8 $2 (40. Qg3 $15) 40... Qd6+ $19 41. e5 Qxe5+ {[%emt 0:30:34] Weighted Error Value: White=0.51/Black=0.12 (very precise)   Loses game:     	White=1     	---        Mistake:       	White=1     	Black=2      Inaccurate:     	White=6     	Black=2      OK:         	White=8     	Black=15     Best:        	White=1     	Black=1} (41... Qxf8 $2 {perishes.} 42. Qxh5+ Kg8 43. Bxg6 $18 (43. Qxg6 Rxb1 44. Rxb1 Qb8 $11)) 0-1

[Event "FIDE WSTC Open 50 2025"]
[Site "Prague"]
[Date "2025.02.18"]
[Round "2.6"]
[White "Conquest, Stuart C"]
[Black "Jaksland, Tim"]
[Result "1/2-1/2"]
[Annotator "ChessBase"]
[ECO "E03"]
[WhiteElo "2513"]
[BlackElo "2143"]
[PlyCount "84"]
[EventDate "2025.02.17"]
[EventType "team-tourn"]
[EventCountry "CZE"]
[SourceTitle "playchess.com"]
[Source "ChessBase"]
[SourceQuality "1"]
[TimeControl "40/5400+30:1800+30"]

1. d4 Nf6 2. c4 e6 3. g3 d5 4. Bg2 dxc4 5. Qa4+ Nbd7 6. Qxc4 a6 7. Be3 Bd6 8. Nh3 O-O 9. O-O e5 10. Qc2 Qe7 11. Nc3 exd4 12. Bxd4 Bc5 13. Rad1 Bxd4 14. Rxd4 Ne5 15. Nf4 c6 16. Rfd1 Rb8 17. b3 Bd7 18. R1d2 Rfc8 19. Qd1 g6 20. h3 Kg7 21. Ne4 Nxe4 22. Rxe4 Bf5 23. Re3 Qf6 24. Rd4 Re8 25. g4 Rbd8 26. Rxd8 Rxd8 27. Qc1 Bxg4 28. hxg4 Qxf4 29. Qa1 f6 30. Re4 Qd2 31. g5 Qd1+ 32. Qxd1 Rxd1+ 33. Kh2 Kf7 34. Rh4 Kg7 35. gxf6+ Kxf6 36. Rxh7 Rd2 37. f4 Nf7 38. e4 Rxa2 39. e5+ Ke7 40. Kg3 Rb2 41. Bh3 Rxb3+ 42. Kf2 Rb2+ 1/2-1/2

[Event "FIDE WSTC Open 50 2025"]
[Site "Prague"]
[Date "2025.02.18"]
[Round "2.7"]
[White "Nordenbaek, Jan"]
[Black "Hebden, Mark L"]
[Result "0-1"]
[Annotator "ChessBase"]
[ECO "C55"]
[WhiteElo "2192"]
[BlackElo "2363"]
[PlyCount "98"]
[EventDate "2025.02.17"]
[EventType "team-tourn"]
[EventCountry "CZE"]
[SourceTitle "playchess.com"]
[Source "ChessBase"]
[SourceQuality "1"]
[TimeControl "40/5400+30:1800+30"]

1. e4 e5 2. Nf3 Nc6 3. Bc4 Nf6 4. d4 exd4 5. e5 Ne4 6. Qe2 Nc5 7. O-O Ne6 8. Rd1 d5 9. exd6 Bxd6 10. Bg5 Qd7 11. c3 O-O 12. Bxe6 Qxe6 13. Qxe6 Bxe6 14. Nxd4 Nxd4 15. cxd4 h6 16. Be3 Rfe8 17. Nc3 Bd7 18. Rac1 a6 19. d5 Rad8 20. Rd2 Re7 21. h4 Rde8 22. Rdd1 f5 23. Re1 Kf7 24. Bd2 Kf6 25. Rxe7 Rxe7 26. g3 g5 27. hxg5+ hxg5 28. Kg2 c5 29. Rh1 Kg6 30. Rh8 Re8 31. Rxe8 Bxe8 32. f4 g4 33. Nd1 Bb5 34. Ne3 Bd3 35. Bc3 c4 36. Bd4 b5 37. Kf2 Kf7 38. Ke1 Bb4+ 39. Kd1 Ke7 40. Be5 Kd7 41. a3 Bc5 42. Kd2 Be4 43. a4 bxa4 44. Bc3 Bd3 45. Ba5 a3 46. bxa3 Bxa3 47. Kc3 Bc5 48. Nxc4 Bxc4 49. Kxc4 Bf2 0-1

[Event "FIDE WSTC Open 50 2025"]
[Site "Prague"]
[Date "2025.02.18"]
[Round "2.8"]
[White "Emms, John M"]
[Black "Nielsen, Niels-Peter"]
[Result "1-0"]
[Annotator "ChessBase"]
[ECO "B30"]
[WhiteElo "2409"]
[BlackElo "2086"]
[PlyCount "71"]
[EventDate "2025.02.17"]
[EventType "team-tourn"]
[EventCountry "CZE"]
[SourceTitle "playchess.com"]
[Source "ChessBase"]
[SourceQuality "1"]
[TimeControl "40/5400+30:1800+30"]

1. e4 c5 2. Nf3 Nc6 3. Bb5 a6 4. Bxc6 dxc6 5. d3 g6 6. h3 Bg7 7. Nc3 Nf6 8. Be3 Nd7 9. Qd2 Qb6 10. Rb1 Bxc3 11. Qxc3 Qb4 12. Qd2 Qxd2+ 13. Nxd2 b6 14. g4 f6 15. Ke2 Nf8 16. Nc4 Rb8 17. b4 cxb4 18. Nxb6 a5 19. a3 Nd7 20. Nxc8 Rxc8 21. axb4 axb4 22. Rxb4 h5 23. g5 Kf7 24. Rb7 Ke6 25. Rg1 Rb8 26. Rxb8 Rxb8 27. gxf6 Kxf6 28. h4 Kf7 29. Ra1 Rb7 30. Ra6 Nb8 31. Ra8 Rb1 32. Ra7 Ke6 33. Rc7 Kd6 34. Rc8 Nd7 35. Rg8 Rg1 36. Bg5 1-0

[Event "FIDE WSTC Open 50 2025"]
[Site "Prague"]
[Date "2025.02.18"]
[Round "2.9"]
[White "Hjartarson, Johann"]
[Black "Davies, Nigel R"]
[Result "1/2-1/2"]
[Annotator "ChessBase"]
[ECO "B42"]
[WhiteElo "2464"]
[BlackElo "2294"]
[PlyCount "83"]
[EventDate "2025.02.17"]
[EventType "team-tourn"]
[EventCountry "CZE"]
[SourceTitle "playchess.com"]
[Source "ChessBase"]
[SourceQuality "1"]
[TimeControl "40/5400+30:1800+30"]

1. e4 c5 2. Nf3 e6 3. d4 cxd4 4. Nxd4 a6 5. Bd3 Bc5 6. Nb3 Ba7 7. O-O Nc6 8. Qg4 Qf6 9. Nc3 Nge7 10. Qg3 Qg6 11. Bf4 f6 12. Bd6 Qxg3 13. hxg3 Bb8 14. Bxb8 Rxb8 15. Rad1 Kd8 16. f4 Kc7 17. Kf2 d6 18. Rd2 Bd7 19. Nd1 b5 20. Ne3 a5 21. c3 a4 22. Nc1 Na5 23. Nc2 Nec6 24. a3 Nb7 25. Nb4 Nc5 26. Bc2 Na5 27. Re2 Rbd8 28. Bb1 Bc8 29. Ba2 Bb7 30. Rfe1 Nc4 31. Ncd3 Rhe8 32. g4 h6 33. g3 Kb6 34. Bb1 e5 35. Nd5+ Bxd5 36. exd5 Nxd3+ 37. Bxd3 Kc5 38. Bg6 Re7 39. Rd1 Rdd7 40. Bf5 Rd8 41. Be6 Kb6 42. Kf3 1/2-1/2

[Event "FIDE WSTC Open 50 2025"]
[Site "Prague"]
[Date "2025.02.18"]
[Round "2.10"]
[White "Dishman, Stephen"]
[Black "Thorhallsson, Throstur"]
[Result "0-1"]
[Annotator "ChessBase"]
[ECO "A14"]
[WhiteElo "2273"]
[BlackElo "2394"]
[PlyCount "92"]
[EventDate "2025.02.17"]
[EventType "team-tourn"]
[EventCountry "CZE"]
[SourceTitle "playchess.com"]
[Source "ChessBase"]
[SourceQuality "1"]
[TimeControl "40/5400+30:1800+30"]

1. Nf3 d5 2. c4 e6 3. g3 Nf6 4. Bg2 Be7 5. O-O O-O 6. d4 dxc4 7. Ne5 Nc6 8. Bxc6 bxc6 9. Nxc6 Qe8 10. Nxe7+ Qxe7 11. Qa4 e5 12. dxe5 Qxe5 13. Qxc4 Be6 14. Qd3 Rad8 15. Qe3 Qh5 16. f3 Rfe8 17. Qg5 Qh3 18. Qc5 Nd5 19. e4 Nb6 20. Nc3 Nd7 21. Qg5 Ne5 22. Qxe5 Bc4 23. Qxe8+ Rxe8 24. Rd1 f5 25. Bf4 Qh5 26. Rd4 Ba6 27. Kg2 fxe4 28. fxe4 Bb7 29. Re1 Rf8 30. Rb4 Bc8 31. h4 Rxf4 32. gxf4 Qg4+ 33. Kf2 Qxf4+ 34. Ke2 Ba6+ 35. Kd1 Qd6+ 36. Nd5 c6 37. Rd4 cxd5 38. Rxd5 Qb4 39. Rd2 Bc4 40. b3 Be6 41. Re3 Qc5 42. Rd8+ Kf7 43. Rf3+ Ke7 44. Rff8 Bg4+ 45. Kd2 Bd7 46. Ra8 Qd4+ 0-1

[Event "FIDE WSTC Open 50 2025"]
[Site "Prague"]
[Date "2025.02.18"]
[Round "2.11"]
[White "Olafsson, Helgi"]
[Black "Josse, Mark"]
[Result "1/2-1/2"]
[Annotator "ChessBase"]
[ECO "D00"]
[WhiteElo "2466"]
[BlackElo "2139"]
[PlyCount "67"]
[EventDate "2025.02.17"]
[EventType "team-tourn"]
[EventCountry "CZE"]
[SourceTitle "playchess.com"]
[Source "ChessBase"]
[SourceQuality "1"]
[TimeControl "40/5400+30:1800+30"]

1. d4 d5 2. Bf4 Nf6 3. e3 e6 4. Nf3 Bd6 5. Nbd2 O-O 6. Bd3 c5 7. dxc5 Bxf4 8. exf4 Qc7 9. g3 Qxc5 10. O-O b6 11. Qe2 Nbd7 12. Ne5 Bb7 13. c3 Rad8 14. Rfe1 Rfe8 15. Nb3 Qd6 16. Bb5 Rf8 17. Nd4 Nc5 18. Qe3 Rc8 19. a4 a6 20. Bf1 Qc7 21. f3 Ne8 22. Bh3 Nd6 23. b4 Nd7 24. Nxe6 fxe6 25. Bxe6+ Kh8 26. Bxd7 Rcd8 27. Bg4 Nc4 28. Nxc4 dxc4 29. Qe7 Qb8 30. Re5 Qa8 31. Rae1 h6 32. R1e3 Bc6 33. Qc7 Rd2 34. Re7 1/2-1/2

[Event "FIDE WSTC Open 50 2025"]
[Site "Prague"]
[Date "2025.02.18"]
[Round "2.12"]
[White "Frostick, Clive A"]
[Black "Arnason, Jon L"]
[Result "0-1"]
[Annotator "ChessBase"]
[ECO "C47"]
[WhiteElo "2105"]
[BlackElo "2405"]
[PlyCount "70"]
[EventDate "2025.02.17"]
[EventType "team-tourn"]
[EventCountry "CZE"]
[SourceTitle "playchess.com"]
[Source "ChessBase"]
[SourceQuality "1"]
[TimeControl "40/5400+30:1800+30"]

1. e4 e5 2. Nf3 Nc6 3. Nc3 Nf6 4. d4 exd4 5. Nxd4 Bc5 6. Be3 Bb6 7. Be2 O-O 8. O-O Re8 9. Nxc6 bxc6 10. Bg5 h6 11. Bh4 Qe7 12. Bd3 d6 13. Kh1 Bd4 14. f4 Qe6 15. Ne2 Bxb2 16. Rb1 Rb8 17. Nd4 Qg4 18. Bxf6 Qxd1 19. Rfxd1 gxf6 20. Nxc6 Rb6 21. Na5 Bc3 22. Nc4 Rxb1 23. Rxb1 Be6 24. Ne3 Bxa2 25. Rb7 Bd4 26. Nf5 Bb6 27. g4 d5 28. Bb5 Rd8 29. Bd3 dxe4 30. Bxe4 Kf8 31. Kg2 Bc4 32. Nxh6 Ba6 33. Kf3 Bxb7 34. Bxb7 Rd2 35. Be4 a5 0-1

[Event "FIDE WSTC Open 50 2025"]
[Site "Prague"]
[Date "2025.02.18"]
[Round "2.13"]
[White "Gronn, Atle"]
[Black "Godena, Michele"]
[Result "1/2-1/2"]
[Annotator "ChessBase"]
[ECO "D02"]
[WhiteElo "2366"]
[BlackElo "2439"]
[PlyCount "49"]
[EventDate "2025.02.17"]
[EventType "team-tourn"]
[EventCountry "CZE"]
[SourceTitle "playchess.com"]
[Source "ChessBase"]
[SourceQuality "1"]
[TimeControl "40/5400+30:1800+30"]

1. d4 d5 2. Nf3 Bf5 3. c4 e6 4. Nc3 Nf6 5. Bg5 c6 6. Qb3 Qb6 7. Bxf6 gxf6 8. e3 Rg8 9. cxd5 exd5 10. Qxb6 axb6 11. Nh4 Bg6 12. Kd2 Be7 13. g3 f5 14. Ng2 Nd7 15. Bd3 Nf6 16. f3 Kd7 17. Nf4 Ne8 18. h4 h5 19. a4 Bb4 20. Kc2 Nf6 21. Rhg1 Rae8 22. Rae1 Re7 23. Kb3 Bd6 24. Re2 Bh7 25. Rgg2 1/2-1/2

[Event "FIDE WSTC Open 50 2025"]
[Site "Prague"]
[Date "2025.02.18"]
[Round "2.14"]
[White "Bellini, Fabio"]
[Black "Dahl, Fredrik A"]
[Result "1-0"]
[Annotator "ChessBase"]
[ECO "C42"]
[WhiteElo "2408"]
[BlackElo "2198"]
[PlyCount "97"]
[EventDate "2025.02.17"]
[EventType "team-tourn"]
[EventCountry "CZE"]
[SourceTitle "playchess.com"]
[Source "ChessBase"]
[SourceQuality "1"]
[TimeControl "40/5400+30:1800+30"]

1. e4 e5 2. Nf3 Nf6 3. Nxe5 d6 4. Nf3 Nxe4 5. c4 Nc6 6. Nc3 Nxc3 7. dxc3 Bf5 8. Bd3 Qd7 9. Bxf5 Qxf5 10. O-O Be7 11. Re1 O-O 12. Qd5 Qc2 13. Bf4 Bf6 14. Qb5 Rab8 15. Rac1 Qg6 16. h3 h6 17. Rcd1 a6 18. Qd5 Qc2 19. Rd2 Qa4 20. Qf5 Ne7 21. Qg4 Qxc4 22. b3 h5 23. Qg3 Qxc3 24. Bg5 Nf5 25. Qf4 Bxg5 26. Nxg5 Qf6 27. Rd5 Nh6 28. Qxf6 gxf6 29. Ne4 Kg7 30. Ng3 Rfe8 31. Nxh5+ Kg6 32. Nf4+ Kh7 33. Rc1 Re7 34. Rc4 Rd8 35. Rh5 f5 36. Nd5 Re1+ 37. Kh2 c6 38. Ne3 Kg6 39. Rch4 Rh8 40. Kg3 f6 41. Kf3 Kg7 42. Nxf5+ Nxf5 43. Rg4+ Kf7 44. Rxh8 d5 45. Rh7+ Ke6 46. Rxb7 Ke5 47. Rg8 Nh4+ 48. Kg4 Re4+ 49. Kh5 1-0

[Event "FIDE WSTC Open 50 2025"]
[Site "Prague"]
[Date "2025.02.18"]
[Round "2.15"]
[White "Kirkebo, Carl Peter"]
[Black "Bellia, Fabrizio"]
[Result "0-1"]
[Annotator "ChessBase"]
[ECO "A13"]
[WhiteElo "2148"]
[BlackElo "2393"]
[PlyCount "62"]
[EventDate "2025.02.17"]
[EventType "team-tourn"]
[EventCountry "CZE"]
[SourceTitle "playchess.com"]
[Source "ChessBase"]
[SourceQuality "1"]
[TimeControl "40/5400+30:1800+30"]

1. c4 e6 2. Nf3 d5 3. g3 Nf6 4. Bg2 d4 5. O-O c5 6. e3 Nc6 7. exd4 cxd4 8. d3 Bd6 9. Na3 O-O 10. Nc2 e5 11. b4 a6 12. Rb1 Bd7 13. Re1 Re8 14. Bg5 h6 15. Bxf6 Qxf6 16. Nd2 Bf8 17. Ne4 Qg6 18. Nc5 Bf5 19. Rb3 a5 20. a3 a4 21. Rb2 Bxc5 22. bxc5 Bxd3 23. Nb4 Bxc4 24. Nd5 Bb3 25. Rxb3 axb3 26. Nc7 Qc2 27. Qxc2 bxc2 28. Be4 Rxa3 29. Nxe8 d3 30. Rf1 Nd4 31. Nd6 Rc3 0-1

[Event "FIDE WSTC Open 50 2025"]
[Site "Prague"]
[Date "2025.02.18"]
[Round "2.16"]
[White "D'Amore, Carlo"]
[Black "Berg, Anders Hoyer"]
[Result "1-0"]
[Annotator "ChessBase"]
[ECO "A06"]
[WhiteElo "2362"]
[BlackElo "2073"]
[PlyCount "81"]
[EventDate "2025.02.17"]
[EventType "team-tourn"]
[EventCountry "CZE"]
[SourceTitle "playchess.com"]
[Source "ChessBase"]
[SourceQuality "1"]
[TimeControl "40/5400+30:1800+30"]

1. Nf3 d5 2. g3 Nf6 3. Bg2 c6 4. b3 Bg4 5. Bb2 Nbd7 6. c4 e6 7. O-O Bd6 8. d3 O-O 9. Nbd2 a5 10. a3 Qe7 11. h3 Bh5 12. cxd5 cxd5 13. Nd4 a4 14. b4 Rfc8 15. Rc1 Rxc1 16. Qxc1 Qd8 17. Qa1 Qb6 18. g4 Bg6 19. N4f3 h6 20. Rc1 Qd8 21. Ne5 Nxe5 22. Bxe5 Bxe5 23. Qxe5 Rc8 24. Qa1 Ne8 25. Nf3 Rxc1+ 26. Qxc1 Qc7 27. Qd1 b5 28. Nd4 Nd6 29. Qd2 Kf8 30. f4 Ke7 31. Qe3 Kf8 32. Kf2 Qc3 33. Qe5 Qc7 34. Qxe6 Ne4+ 35. Bxe4 Qxf4+ 36. Kg2 dxe4 37. Qc8+ Ke7 38. Nc6+ Kf6 39. Qd8+ Ke6 40. Nd4+ Ke5 41. Qc7+ 1-0

[Event "FIDE WSTC Open 50 2025"]
[Site "Prague"]
[Date "2025.02.18"]
[Round "2.17"]
[White "Kazhgaleyev, Murtas"]
[Black "Plotkin, Victor"]
[Result "1-0"]
[Annotator "ChessBase"]
[ECO "A05"]
[WhiteElo "2495"]
[BlackElo "2259"]
[PlyCount "115"]
[EventDate "2025.02.17"]
[EventType "team-tourn"]
[EventCountry "CZE"]
[SourceTitle "playchess.com"]
[Source "ChessBase"]
[SourceQuality "1"]
[TimeControl "40/5400+30:1800+30"]

1. Nf3 Nf6 2. g3 d5 3. Bg2 c6 4. O-O g6 5. b3 Bg7 6. Bb2 O-O 7. c4 Bg4 8. d3 Re8 9. Nbd2 Na6 10. h3 Bxf3 11. Nxf3 Qd6 12. a3 e5 13. cxd5 cxd5 14. b4 Rac8 15. Qb3 e4 16. dxe4 Nxe4 17. Bxg7 Kxg7 18. Rac1 Kg8 19. e3 Nc7 20. Qd3 Rcd8 21. Nd2 Nxd2 22. Qxd2 Re7 23. Rfd1 Red7 24. Qb2 Qe7 25. Rd3 Ne6 26. h4 d4 27. Re1 dxe3 28. Rdxe3 Qf8 29. Bh3 Rd2 30. Qf6 Nc7 31. Bg2 Nd5 32. Bxd5 R2xd5 33. Re7 R5d7 34. h5 Rxe7 35. Rxe7 Rb8 36. h6 a6 37. Qf4 Qxe7 38. Qxb8+ Qf8 39. Qxb7 Qxh6 40. Qxa6 Qc1+ 41. Kg2 h5 42. Qd3 Qc6+ 43. Kh2 Qf6 44. Kg2 Qc6+ 45. Kg1 Qc1+ 46. Kh2 f5 47. b5 Qc5 48. Kg2 Kh7 49. Qb3 Qb6 50. Qf7+ Kh6 51. Qf8+ Kh7 52. Qe7+ Kg8 53. a4 Qd4 54. Qe6+ Kg7 55. b6 Qxa4 56. Qe5+ Kh7 57. Qc7+ Kg8 58. b7 1-0

[Event "FIDE WSTC Open 50 2025"]
[Site "Prague"]
[Date "2025.02.18"]
[Round "2.18"]
[White "Cummings, David H."]
[Black "Temirbayev, Serikbay"]
[Result "0-1"]
[Annotator "ChessBase"]
[ECO "A16"]
[WhiteElo "2255"]
[BlackElo "2372"]
[PlyCount "92"]
[EventDate "2025.02.17"]
[EventType "team-tourn"]
[EventCountry "CZE"]
[SourceTitle "playchess.com"]
[Source "ChessBase"]
[SourceQuality "1"]
[TimeControl "40/5400+30:1800+30"]

1. c4 Nf6 2. Nc3 g6 3. Nf3 Bg7 4. e4 d6 5. d4 O-O 6. Bd3 e5 7. d5 a5 8. O-O Na6 9. a3 Bd7 10. Bc2 Nh5 11. Rb1 h6 12. Kh1 Qe8 13. b4 axb4 14. axb4 f5 15. exf5 gxf5 16. Re1 Nf6 17. h3 Qh5 18. Nh2 Qh4 19. Qe2 e4 20. Bd2 Rae8 21. Qf1 Nh7 22. g3 Qf6 23. Ne2 Ng5 24. Nf4 Bh8 25. Qe2 Nf7 26. Rg1 Ne5 27. Bc3 Kf7 28. Bb3 Ke7 29. c5 Qf7 30. c6 Bc8 31. Ne6 Nd3 32. Bxh8 Rxh8 33. cxb7 Bxb7 34. Bc4 Naxb4 35. Rxb4 Nxb4 36. Rb1 Bxd5 37. Bxd5 Nxd5 38. Nd4 Nc3 39. Qb2 Nxb1 40. Nc6+ Kd7 41. Qb5 Ke6 42. Qxb1 Kf6 43. Nf1 Qc4 44. Qa1+ Kg6 45. Nd4 Ra8 46. Qd1 Qd3 0-1

[Event "FIDE WSTC Open 50 2025"]
[Site "Prague"]
[Date "2025.02.18"]
[Round "2.19"]
[White "Tikzhanov, Yerlan"]
[Black "Barron, Michael"]
[Result "1-0"]
[Annotator "ChessBase"]
[ECO "C50"]
[WhiteElo "2323"]
[BlackElo "2049"]
[PlyCount "55"]
[EventDate "2025.02.17"]
[EventType "team-tourn"]
[EventCountry "CZE"]
[SourceTitle "playchess.com"]
[Source "ChessBase"]
[SourceQuality "1"]
[TimeControl "40/5400+30:1800+30"]

1. e4 e5 2. Nf3 Nc6 3. Bc4 Bc5 4. O-O Nf6 5. d3 O-O 6. Nbd2 d5 7. exd5 Nxd5 8. Re1 f6 9. Ne4 Bb6 10. c3 Kh8 11. a4 Bg4 12. h3 Bh5 13. Ng3 Bf7 14. Qc2 a5 15. b3 Qd7 16. Ba3 Rfe8 17. Ne4 Nf4 18. Rad1 Bh5 19. Nh4 Nxh3+ 20. Kh2 Qg4 21. f3 Qf4+ 22. g3 Qh6 23. Kxh3 Bxf3 24. Rf1 Bxd1 25. Qxd1 Ne7 26. Kg2 Rad8 27. Bxe7 Rxe7 28. Nf5 1-0

[Event "FIDE WSTC Open 50 2025"]
[Site "Prague"]
[Date "2025.02.18"]
[Round "2.20"]
[White "Findlay, Ian T."]
[Black "Min, Valeriy"]
[Result "0-1"]
[Annotator "ChessBase"]
[ECO "C63"]
[WhiteElo "2089"]
[BlackElo "2273"]
[PlyCount "88"]
[EventDate "2025.02.17"]
[EventType "team-tourn"]
[EventCountry "CZE"]
[SourceTitle "playchess.com"]
[Source "ChessBase"]
[SourceQuality "1"]
[TimeControl "40/5400+30:1800+30"]

1. e4 e5 2. Nf3 Nc6 3. Bb5 f5 4. d3 fxe4 5. dxe4 Nf6 6. O-O Bc5 7. Qe2 d6 8. Qc4 Qe7 9. Be3 Bxe3 10. Bxc6+ bxc6 11. Qxc6+ Qd7 12. Qxd7+ Bxd7 13. fxe3 Nxe4 14. Nbd2 Nf6 15. c4 Rb8 16. b3 c5 17. Nh4 Ng4 18. Rae1 Rf8 19. Rxf8+ Kxf8 20. h3 Nf6 21. Rf1 Ke7 22. Nf5+ Bxf5 23. Rxf5 Ke6 24. g4 a5 25. a4 h5 26. Rg5 hxg4 27. Rxg7 gxh3 28. Kh2 Rh8 29. Rg3 Kf5 30. Rf3+ Ke6 31. Rg3 Rh6 32. e4 Rh4 33. Rxh3 Rf4 34. Kg3 Nxe4+ 35. Nxe4 Rxe4 36. Kf3 Rf4+ 37. Ke3 Rg4 38. Kf3 Kf5 39. Rh8 e4+ 40. Kf2 Rg6 41. Re8 Kf4 42. Re7 e3+ 43. Ke2 Rg2+ 44. Kd3 Rd2+ 0-1

[Event "FIDE WSTC Open 50 2025"]
[Site "Prague"]
[Date "2025.02.18"]
[Round "2.21"]
[White "Bryson, Douglas M"]
[Black "Ftacnik, Lubomir"]
[Result "1/2-1/2"]
[Annotator "ChessBase"]
[ECO "B81"]
[WhiteElo "2295"]
[BlackElo "2438"]
[PlyCount "65"]
[EventDate "2025.02.17"]
[EventType "team-tourn"]
[EventCountry "CZE"]
[SourceTitle "playchess.com"]
[Source "ChessBase"]
[SourceQuality "1"]
[TimeControl "40/5400+30:1800+30"]

1. e4 c5 2. Nf3 d6 3. d4 cxd4 4. Nxd4 Nf6 5. Nc3 e6 6. g4 h6 7. h4 Nc6 8. Rg1 d5 9. exd5 Nxd5 10. Nxd5 exd5 11. Bb5 Bd7 12. Qe2+ Be7 13. Bxc6 bxc6 14. Nf5 Bxf5 15. gxf5 Kf8 16. Be3 Qa5+ 17. Bd2 Bb4 18. O-O-O Bxd2+ 19. Qxd2 Qxd2+ 20. Rxd2 Ke7 21. Rxg7 Kf6 22. Rg3 Rhe8 23. Rc3 Rac8 24. Kd1 Kxf5 25. Rd4 Ke6 26. Ke2 Kd6+ 27. Kf3 f5 28. Rf4 Re5 29. Ra3 Rc7 30. Rfa4 Ree7 31. Rf4 Re5 32. Rfa4 Ree7 33. Rf4 1/2-1/2